 Dungeon Crawl Stone Soup version 0.31.0-11-ge490571c62 (webtiles) character file.

Game seed: 3538378275991479940

17564 wildpjah the Blocker (level 12, -1/145 HPs)
             Began as a Gnoll Fighter on Jan 29, 2024.
             Was a High Priest of Okawaru.
             Slain by a skeletal warrior
             ... wielding a +0 dire flail
              (6 damage)
             ... on level 12 of the Dungeon on Jan 31, 2024.
             The game lasted 00:27:41 (9296 turns).

wildpjah the Blocker (Gnoll Fighter)                Turns: 9296, Time: 00:27:41

Health: -1/145     AC: 30    Str: 18    XL:     12   Next: 49%
Magic:  19/23      EV:  2    Int: 15    God:    Okawaru [*****.]
Gold:   572        SH:  0    Dex: 17    Spells: 20/26 levels left

rFire   . . .        P - +4 morningstar of Ad Valorem {heavy, Int+4 SInv}
rCold   . . .        (no shield)
rNeg    . . .        u - melded +7 ring mail of Leamm {rF- rC++ Regen+}
rPois   +            U - melded +0 helmet
rElec   .            w - melded +0 cloak
rCorr   .            (gloves currently unavailable)
SInv    +            (boots currently unavailable)
Will    .....        (no amulet)
Stlth   +++++        b - +6 ring of dexterity
HPRegen 0.44/turn    G - +4 ring of protection
MPRegen 0.18/turn

%: no passive effects
@: mighty, tree-form, heroic, finesse-ful
A: stationary, stasis, torment immunity, boosted hp, (fangs 1), strong nose,
distributed training
a: Renounce Religion, Heroism, Finesse, Duel


You were on level 12 of the Dungeon.
You worshipped Okawaru.
Okawaru was extremely pleased with you.
You were a tree.
You visited 2 branches of the dungeon, and saw 13 of its levels.
You also visited: Sewer and Bailey.

You collected 878 gold pieces.
You spent 306 gold pieces at shops.

Inventory:

Hand Weapons
 a - a +0 war axe of draining
 s - a +2 mace of holy wrath
 P - the +4 morningstar of Ad Valorem (weapon) {heavy, Int+4 SInv}
   (You bought it in a shop on level 6 of the Dungeon)

   Int+4:     It affects your intelligence (+4).
   SInv:      It lets you see invisible.
 Q - the +8 rapier of the Vestibule of Hell {freeze, Str+3}
   (You bought it in a shop on level 6 of the Dungeon)

   Str+3:     It affects your strength (+3).
 R - a +5 heavy trident
 Z - a +4 scimitar of electrocution
Missiles
 o - 28 poisoned darts
 p - 5 boomerangs
 O - a throwing net
 W - 12 javelins
 Y - 4 curare-tipped darts
Armour
 c - a +0 buckler
 u - the +7 ring mail of Leamm (melded) {rF- rC++ Regen+}
   (You found it on level 3 of the Dungeon)

   rF-:       It makes you vulnerable to fire.
   rC++:      It greatly protects you from cold.
   Regen+:    It increases your rate of health regeneration.
 w - a +0 cloak (melded)
 z - a +2 chain mail of fire resistance
 K - +0 steam dragon scales
 U - a +0 helmet (melded)
Jewellery
 b - a +6 ring of dexterity (left branch)
 n - a ring of protection from cold
 q - a ring of poison resistance
 v - a +6 ring of intelligence
 E - a ring of protection from fire
 G - a +4 ring of protection (right branch)
 L - a ring of protection from cold
Wands
 i - a wand of iceblast (18)
 B - a wand of paralysis (2)
 D - a wand of light (22)
 X - a wand of flame (16)
Scrolls
 f - 2 scrolls of fear {unknown}
 g - 2 scrolls of silence {unknown}
 h - 9 scrolls of identify {unknown}
 j - 2 scrolls of poison {unknown}
 r - 4 scrolls of enchant weapon {unknown}
 x - a scroll of enchant armour {unknown}
 y - 2 scrolls of blinking
 A - a scroll of torment {unknown}
 F - 5 scrolls of teleportation {unknown}
 I - a scroll of summoning {unknown}
 T - a scroll of revelation {unknown}
 V - a scroll of fog {unknown}
Potions
 d - a potion of might
 e - 5 potions of curing
 k - 3 potions of heal wounds {unknown}
 l - a potion of berserk rage {unknown}
 m - a potion of degeneration {unknown}
 t - 2 potions of attraction {unknown}
 C - 2 potions of magic {unknown}
 H - a potion of cancellation {unknown}
 J - a potion of brilliance {unknown}
 M - 2 potions of lignification
 N - a potion of enlightenment {unknown}
 S - 3 potions of mutation {unknown}


   Skills:
 + Level 10.1(15.1) Fighting
 + Level 7.6(12.6) Short Blades
 + Level 7.6(12.6) Long Blades
 + Level 9.0(14.0) Axes
 + Level 7.6(12.6) Maces & Flails
 + Level 7.6(12.6) Polearms
 + Level 7.6(12.6) Staves
 + Level 7.6(12.6) Ranged Weapons
 + Level 7.6(12.6) Throwing
 + Level 10.1(15.1) Armour
 + Level 7.6(12.6) Dodging
 + Level 7.6(12.6) Stealth
 + Level 10.1(15.1) Shields
 + Level 7.6(12.6) Unarmed Combat
 + Level 7.6 Spellcasting
 + Level 6.3 Conjurations
 + Level 6.3 Hexes
 + Level 6.3 Summonings
 + Level 6.3 Necromancy
 + Level 6.3 Translocations
 + Level 6.3 Fire Magic
 + Level 6.3 Ice Magic
 + Level 6.3 Air Magic
 + Level 6.3 Earth Magic
 + Level 6.3 Alchemy
 + Level 8.3 Invocations
 + Level 7.6 Evocations
 + Level 6.9 Shapeshifting


You had 20 spell levels left.
You knew the following spells:

 Your Spells              Type           Power      Damage    Failure   Level
a - Teleport Other        Tloc           24%        N/A       2%          3
b - Gell's Gravitas       Tloc           24%        N/A       2%          3

Your spell library contained the following spells:

 Spells                   Type           Power      Damage    Failure   Level
 Lesser Beckoning         Tloc           48%        N/A       1%          2
 Lee's Rapid Deconstruct  Erth           12%        3d8*      26%         5
 Animate Armour           Summ/Erth      Unusable   N/A       N/A         4
 Summon Lightning Spire   Summ/Air       Unusable   N/A       N/A         4

Dungeon Overview and Level Annotations

Branches:
Dungeon (12/15)            Temple (1/1) D:6            Lair (0/5) D:11
    Orc (0/2) D:10          Sewer (visited)          Bailey (visited)

Altars:
Ashenzari
Cheibriados
Dithmenos
Elyvilon
Fedhas
Gozag
Hepliaklqana
Kikubaaqudgha
Makhleb
Nemelex Xobeh
Okawaru
Qazlal
Ru
Sif Muna
Trog
Uskayaw
Vehumet
Wu Jian
Xom
Yredelemnul
Zin
The Shining One

Shops:
D:6 (   D:7 :


Innate Abilities, Weirdness & Mutations

You are a tree.
Your roots penetrate the ground, keeping you stationary.
You cannot be teleported.
You are immune to unholy pain and torment.
Your maximum health is greatly increased.
Your equipment is partially melded.
((You have very sharp teeth.))
Your uncanny sense of smell can sniff out nearby items.
Your experience applies equally to all skills.


Message History

You bite the skeletal warrior, but do no damage.
The skeletal warrior is almost destroyed.
The skeletal warrior misses you. x2
The skeletal warrior completely misses you.
You hit the skeletal warrior but do no damage.
You punch the skeletal warrior, but do no damage.
The skeletal warrior is severely damaged.
The skeletal warrior hits you with a +0 hand axe!
* * * LOW HITPOINT WARNING * * *
You bludgeon the skeletal warrior!!
You destroy the skeletal warrior!
Okawaru is honoured by your kill. Okawaru grants you throwing weapons!
Something appears at your feet! The skeletal warrior barely misses you.
The skeletal warrior hits you with a +0 mace!
* * * LOW HITPOINT WARNING * * *
The skeletal warrior hits you with a +0 dire flail.
* * * LOW HITPOINT WARNING * * *
Your base Axes skill increases to level 9!
You feel very mighty all of a sudden.
The skeletal warrior closely misses you.
The skeletal warrior hits you with a +0 mace.
* * * LOW HITPOINT WARNING * * *
The skeletal warrior closely misses you.
The skeletal warrior hits you but does no damage.
It was a potion of curing.
You feel better. The skeletal warrior misses you.
The skeletal warrior hits you with a +0 mace!
* * * LOW HITPOINT WARNING * * *
The skeletal warrior completely misses you.
The skeletal warrior closely misses you.
It was a potion of lignification.
You turn into a tree.
Your +0 cloak melds into your body.
Your +0 helmet melds into your body.
The +7 ring mail of Leamm {rF- rC++ Regen+} melds into your body.
Your roots penetrate the ground.
The skeletal warrior hits you but does no damage.
The skeletal warrior hits you from afar with a +0 glaive.
* * * LOW HITPOINT WARNING * * *
The skeletal warrior hits you but does no damage.
The skeletal warrior hits you with a +0 dire flail.
You die...

#.....# #.....# ........#.....#
........#.....#########
........#.............#
........#.............#
........#.............#
........#.............#
......z.#♣z...#.......####
.......z)zz...#...........
..............#...........
..............#...........
######........#######.....).....
#.......^.....#.....#########...
#.............#.............#...
#............^#.............#...
#.............#.............#...


You could see 4 skeletal warriors.

Vanquished Creatures
  2 vault guards (Bailey)
  10 two-headed ogres
  Urug (D:11)
  A skeletal warrior (D:12)
  An elephant (D:11)
  A guardian serpent (D:11)
  A kobold demonologist (D:8)
  2 unseen horrors
  2 komodo dragons
  2 trolls
  2 hornets
  Prince Ribbit (Bailey)
  A shadow (D:9)
  2 wyverns
  2 humans (Bailey)
  A basilisk (D:11)
  Grum (D:6)
  A steam dragon (D:5)
  2 vampire mosquitoes (D:11)
  Menkaure (D:4)
  An acid dragon (D:10)
  A water moccasin (D:5)
  2 ice beasts
  5 orc warriors
  2 sky beasts
  A black bear (D:4)
  An ogre (D:6)
  10 centaurs
  2 kobold brigands
  9 bullfrogs
  2 gnoll sergeants (D:6)
  2 scorpions
  9 wights
  2 electric eels (D:10)
  6 howler monkeys
  2 bombardier beetles
  13 hounds
  2 jellies
  A gnoll bouda (D:8)
  3 orc priests
  3 sleepcaps
  2 iguanas
  5 orc wizards
  7 gnolls
  12 adders
  A river rat (D:5)
  4 shadow imps
  A white imp (D:3)
  2 ufetubi (D:7)
  10 dart slugs
  6 ribbon worms
  32 orcs
  14 endoplasms
  10 giant cockroaches
  12 goblins
  11 hobgoblins
  6 jackals (D:1)
  25 kobolds
  5 quokkas
  23 ball pythons
  11 frilled lizards
  7 rats
322 creatures vanquished.

Vanquished Creatures (others)
  An orc wizard (D:10)
  An orc (D:10)
2 creatures vanquished.

Grand Total: 324 creatures vanquished

Notes
Turn   | Place    | Note
-------+----------+-------------------------------------------
     0 | D:1      | wildpjah the Gnoll Fighter began the quest for the Orb.
     0 | D:1      | Reached XP level 1. HP: 23/23 MP: 1/1
    87 | D:1      | Reached XP level 2. HP: 25/29 MP: 2/2
   233 | D:1      | Reached XP level 3. HP: 28/35 MP: 3/3
   412 | D:1      | Reached skill level 1 in Invocations
   794 | D:2      | Found a bloodstained altar of Trog.
   967 | D:2      | Reached skill level 1 in Short Blades
   967 | D:2      | Reached skill level 1 in Long Blades
   967 | D:2      | Reached skill level 1 in Maces & Flails
   967 | D:2      | Reached skill level 1 in Polearms
   967 | D:2      | Reached skill level 1 in Staves
   967 | D:2      | Reached skill level 1 in Ranged Weapons
   967 | D:2      | Reached skill level 1 in Throwing
   967 | D:2      | Reached skill level 1 in Dodging
   967 | D:2      | Reached skill level 1 in Stealth
   967 | D:2      | Reached skill level 1 in Unarmed Combat
   967 | D:2      | Reached skill level 1 in Spellcasting
   967 | D:2      | Reached skill level 1 in Evocations
  1018 | D:2      | Reached skill level 1 in Shapeshifting
  1018 | D:2      | Reached XP level 4. HP: 38/41 MP: 5/5
  1095 | D:2      | Reached skill level 1 in Conjurations
  1095 | D:2      | Reached skill level 1 in Hexes
  1095 | D:2      | Reached skill level 1 in Summonings
  1095 | D:2      | Reached skill level 1 in Necromancy
  1095 | D:2      | Reached skill level 1 in Translocations
  1095 | D:2      | Reached skill level 1 in Fire Magic
  1095 | D:2      | Reached skill level 1 in Ice Magic
  1095 | D:2      | Reached skill level 1 in Air Magic
  1095 | D:2      | Reached skill level 1 in Earth Magic
  1095 | D:2      | Reached skill level 1 in Alchemy
  1127 | D:2      | Identified the +2 robe of Gozag's Displeasure {^Contam
                  | Rampage Str+7 Slay-6}
  2004 | D:3      | Identified the +7 ring mail of Leamm {rF- rC++ Regen+}
  2083 | D:3      | Reached XP level 5. HP: 47/47 MP: 7/7
  2824 | D:4      | Noticed a black bear
  2836 | D:4      | Killed a black bear
  2837 | D:4      | Reached skill level 5 in Axes
  2837 | D:4      | Reached XP level 6. HP: 52/53 MP: 7/9
  3233 | D:4      | Noticed Menkaure
  3249 | D:4      | Killed Menkaure
  3250 | D:4      | Reached XP level 7. HP: 39/60 MP: 10/10
  3626 | D:5      | Entered Level 5 of the Dungeon
  4252 | D:5      | Reached XP level 8. HP: 67/67 MP: 12/12
  4321 | D:5      | Found a glowing drain.
  4345 | Sewer    | Entered a sewer
  4667 | D:5      | HP: 1/67 [steam dragon/ball of steam (28)]
  5085 | D:6      | Found Putzuib's Antique Weapon Emporium.
  5145 | D:6      | Reached XP level 9. HP: 73/73 MP: 14/14
  5165 | D:6      | Bought a dazzling morningstar for 153 gold pieces
  5165 | D:6      | Identified the +4 morningstar of Ad Valorem {heavy, Int+4
                  | SInv} (You bought it in a shop on level 6 of the Dungeon)
  5165 | D:6      | Bought a faintly glowing rapier for 153 gold pieces
  5165 | D:6      | Identified the +8 rapier of the Vestibule of Hell {freeze,
                  | Str+3} (You bought it in a shop on level 6 of the Dungeon)
  5220 | D:6      | Noticed Grum
  5232 | D:6      | Killed Grum
  5406 | D:6      | Found a staircase to the Ecumenical Temple.
  5412 | Temple   | Entered the Ecumenical Temple
  5431 | Temple   | Became a worshipper of Warmaster Okawaru
  5652 | D:7      | Found Kionune's Book Shoppe.
  5769 | D:7      | Reached skill level 5 in Invocations
  5900 | D:7      | Found a flagged portal.
  5905 | Bailey   | Entered a bailey
  5936 | Bailey   | Reached * piety under Okawaru
  5991 | Bailey   | Noticed a vault guard
  5991 | Bailey   | Noticed Prince Ribbit
  5995 | Bailey   | Killed Prince Ribbit
  5996 | Bailey   | Reached skill level 5 in Short Blades
  5996 | Bailey   | Reached skill level 5 in Long Blades
  5996 | Bailey   | Reached skill level 5 in Maces & Flails
  5996 | Bailey   | Reached skill level 5 in Polearms
  5996 | Bailey   | Reached skill level 5 in Staves
  5996 | Bailey   | Reached skill level 5 in Ranged Weapons
  5996 | Bailey   | Reached skill level 5 in Throwing
  5996 | Bailey   | Reached skill level 5 in Dodging
  5996 | Bailey   | Reached skill level 5 in Stealth
  5996 | Bailey   | Reached skill level 5 in Unarmed Combat
  5996 | Bailey   | Reached skill level 5 in Spellcasting
  5996 | Bailey   | Reached skill level 5 in Evocations
  5996 | Bailey   | Reached XP level 10. HP: 81/81 MP: 17/17
  6013 | Bailey   | Killed a vault guard
  6013 | Bailey   | Reached ** piety under Okawaru
  6097 | Bailey   | Noticed a vault guard
  6127 | Bailey   | Killed a vault guard
  6127 | Bailey   | Reached *** piety under Okawaru
  6128 | Bailey   | Reached skill level 5 in Shapeshifting
  6423 | D:8      | Noticed a kobold demonologist
  6426 | D:8      | Noticed an orange demon
  6435 | D:8      | Killed a kobold demonologist
  6799 | D:9      | Found an ornate altar of the Wu Jian Council.
  6855 | D:9      | Noticed a two-headed ogre
  6866 | D:9      | Killed a two-headed ogre
  6866 | D:9      | Reached **** piety under Okawaru
  7013 | D:9      | Reached skill level 5 in Conjurations
  7013 | D:9      | Reached skill level 5 in Hexes
  7013 | D:9      | Reached skill level 5 in Summonings
  7013 | D:9      | Reached skill level 5 in Necromancy
  7013 | D:9      | Reached skill level 5 in Translocations
  7013 | D:9      | Reached skill level 5 in Fire Magic
  7013 | D:9      | Reached skill level 5 in Ice Magic
  7013 | D:9      | Reached skill level 5 in Air Magic
  7013 | D:9      | Reached skill level 5 in Earth Magic
  7013 | D:9      | Reached skill level 5 in Alchemy
  7013 | D:9      | Reached XP level 11. HP: 80/89 MP: 20/20
  7177 | D:9      | Noticed a two-headed ogre
  7194 | D:9      | Killed a two-headed ogre
  7387 | D:10     | Entered Level 10 of the Dungeon
  7484 | D:10     | Noticed a two-headed ogre
  7492 | D:10     | Killed a two-headed ogre
  7582 | D:10     | Found a burning altar of Makhleb.
  7980 | D:10     | Found a staircase to the Orcish Mines.
  7983 | D:10     | Reached ***** piety under Okawaru
  8274 | D:11     | Noticed a two-headed ogre
  8280 | D:11     | Killed a two-headed ogre
  8342 | D:11     | Noticed a two-headed ogre
  8351 | D:11     | Killed a two-headed ogre
  8482 | D:11     | Noticed a two-headed ogre
  8492 | D:11     | Killed a two-headed ogre
  8519 | D:11     | Noticed a two-headed ogre
  8526 | D:11     | Killed a two-headed ogre
  8569 | D:11     | Learned a level 3 spell: Teleport Other
  8573 | D:11     | Learned a level 3 spell: Gell's Gravitas
  8598 | D:11     | Reached XP level 12. HP: 35/97 MP: 19/22
  8598 | D:11     | Received a gift from Okawaru
  8672 | D:11     | Noticed a two-headed ogre
  8674 | D:11     | Found a staircase to the Lair.
  8723 | D:11     | Killed a two-headed ogre
  9048 | D:11     | Noticed Urug
  9058 | D:11     | Killed Urug
  9059 | D:11     | Reached skill level 10 in Fighting
  9059 | D:11     | Reached skill level 10 in Armour
  9059 | D:11     | Reached skill level 10 in Shields
  9183 | D:12     | Noticed a two-headed ogre
  9191 | D:12     | Killed a two-headed ogre
  9247 | D:12     | Noticed a two-headed ogre
  9257 | D:12     | Killed a two-headed ogre
  9293 | D:12     | Received a gift from Okawaru
  9296 | D:12     | HP: 5/145 [skeletal warrior/+0 glaive (6)]
  9296 | D:12     | Slain by a skeletal warrior

Illustrated notes

Levels and vault maps discovered:
D:1:      dpeg_arrival_chambers_temple_mockup, layout_rooms, minmay_unequal
D:2:      minmay_razor_zed, layout_basic, basic_altar
D:3:      layout_loops_corners, minmay_misc_feat_hallway, hex_medium,
          st_stairs_12, kennysheep_generic_room_5
D:4:      minmay_door_path, layout_loops_corners, uniq_menkaure
D:5:      layout_cave_pods, portal_sewer_entry_a,
          hangedman_abyss_or_decor_passed
D:6:      layout_cave_pools, minmay_temple_entry_fiery, serial_gnoll_camp,
          gnoll_camp_mini_shop, gnoll_camp_mini_hut, grums_kennel,
          gnoll_camp_mini_hut
D:7:      layout_gridville, serial_shops, nicolae_diamond_shop, enter_bailey_3
D:8:      layout_rooms, kennysheep_generic_room_6
D:9:      layout_roguey, nicolae_wu_jian_wuxing_cycle
D:10:     layout_cross, mainiacjoe_overflow_catwalk, erik_orc_2
D:11:     layout_small_grid, david_lair_generic,
          nrook_guardian_serpent_ordinary, uniq_grum, uniq_urug
D:12:     layout_grid_maze, serial_shops, bzr_entry_islet, item_on_display_a,
          uniq_maurice
Temple:   nicolae_temple_slightly_damp_pantheon

Skill      XL: |  1  2  3  4  5  6  7  8  9 10 11 12 |
---------------+-------------------------------------+-----
Invocations    | 1 2 3 4 5 6 7 8 |  8.3
Short Blades   | 1 2 3 5 6 7 |  7.6
Long Blades    | 1 2 3 5 6 7 |  7.6
Maces & Flails | 1 2 3 5 6 7 |  7.6
Polearms       | 1 2 3 5 6 7 |  7.6
Staves         | 1 2 3 5 6 7 |  7.6
Ranged Weapons | 1 2 3 5 6 7 |  7.6
Throwing       | 1 2 3 5 6 7 |  7.6
Dodging        | 1 2 3 5 6 7 |  7.6
Stealth        | 1 2 3 5 6 7 |  7.6
Unarmed Combat | 1 2 3 5 6 7 |  7.6
Spellcasting   | 1 2 3 5 6 7 |  7.6
Evocations     | 1 2 3 5 6 7 |  7.6
Shapeshifting  | 1 2 3 4 5 6 |  6.9
Conjurations   | 1 2 3 4 5 6 |  6.3
Hexes          | 1 2 3 4 5 6 |  6.3
Summonings     | 1 2 3 4 5 6 |  6.3
Necromancy     | 1 2 3 4 5 6 |  6.3
Translocations | 1 2 3 4 5 6 |  6.3
Fire Magic     | 1 2 3 4 5 6 |  6.3
Ice Magic      | 1 2 3 4 5 6 |  6.3
Air Magic      | 1 2 3 4 5 6 |  6.3
Earth Magic    | 1 2 3 4 5 6 |  6.3
Alchemy        | 1 2 3 4 5 6 |  6.3
Axes           | 5 6 7 8 9 |  9.0
Fighting       | 7 8 9 10 | 10.1
Armour         | 7 8 9 10 | 10.1
Shields        | 7 8 9 10 | 10.1

Action                     |  1- 3 |  4- 6 |  7- 9 | 10-12 || total
---------------------------+-------+-------+-------+-------++-------
  Melee: War axe           |    71 |       |    32 |    11 ||   114
         Bite              |     7 |    16 |    49 |    45 ||   117
         Hand axe          |    25 |   186 |   316 |       ||   527
         Rapier            |       |       |   112 |   210 ||   322
         Morningstar       |       |       |       |   193 ||   193
         Punch             |       |       |       |    16 ||    16
         Trident           |       |       |       |     5 ||     5
  Throw: Dart              |       |     5 |       |     2 ||     7
 Invoke: Heroism           |       |       |       |     7 ||     7
         Finesse           |       |       |       |     1 ||     1
  Evoke: Wand              |       |       |     6 |     3 ||     9
    Use: Scroll            |       |       |     3 |       ||     3
         Potion            |       |       |       |     3 ||     3
   Stab: Paralysed         |       |       |     6 |       ||     6
         Sleeping          |       |       |     2 |     6 ||     8
         Invisible         |       |       |     1 |       ||     1
 Armour: Scale mail        |    32 |       |       |       ||    32
         Chain mail        |    35 |    30 |       |       ||    65
         Ring mail         |       |    95 |   356 |   414 ||   865
         Skin              |       |       |       |     4 ||     4
  Dodge: Dodged            |    42 |    62 |   279 |   359 ||   742
  Block: Buckler           |    28 |    40 |   148 |    52 ||   268
